 Dungeon Crawl Stone Soup version 0.31-a0-1227-g0136665373 (webtiles) character file.

Game seed: 1985537925572774950

758657 gelatine the Merry Demonspawn (level 27, -2/190 (244) HPs)
             Began as a Demonspawn Fighter on Dec 13, 2023.
             Was a Priest of Jiyva.
             Killed from afar by a Hell Sentinel (36 damage)
             ... with an iron shot
             ... on level 3 of the Iron City of Dis on Dec 14, 2023.
             The game lasted 04:38:14 (50230 turns).

gelatine the Merry Demonspawn (Demonspawn Fighter) Turns: 50230, Time: 04:38:14

HP:   -2/190 (244)  AC: 25    Str: 22      XL:     27
MP:   30/35         EV: 25    Int: 10 (11) God:    Jiyva [***...]
Gold: 8135          SH:  5    Dex: 29      Spells: 28/42 levels left

rFire   + + +        U - +27 heavy crossbow "Sniper" {heavy, Acc+∞ SInv}
rCold   . . .        (shield currently unavailable)
rNeg    . . .        q - +8 chain mail "Saextyarry" {rF+}
rPois   +            u - +3 crown of Dyrovepreva {rElec Int+2 SInv}
rElec   +            n - +2 cloak {rPois}
rCorr   +            (gloves unavailable)
SInv    +            (boots unavailable)
Will    ++...        D - amulet "Vijoiny" {Reflect SH+5 Stlth+}
Stlth   +++          k - ring "Kyseniybb" {Fly rF+}
HPRegen 1.63/turn    F - ring of the Original Sin {rF+ rCorr Dex+6 Stlth+}
MPRegen 0.59/turn

%: reflection
@: calling ooze, flying, very slightly contaminated, studying 2 skills, heavily
drained, corroded
A: claws 3, yellow scales 3, ignite blood 3, spiny 3, corrupting presence 2,
word of chaos, antennae 1, hooves 3, agile 1, sense surroundings 2, wild magic 2
}: 6/15 runes: barnacled, slimy, silver, obsidian, icy, gossamer
a: Word of Chaos, Renounce Religion, Oozemancy


You were on level 3 of the Iron City of Dis.
You worshipped Jiyva.
Jiyva was most pleased with you.
You visited 17 branches of the dungeon, and saw 71 of its levels.
You also visited: Trove, Sewer, Bailey, Gauntlet, Ice Cave and Wizlab.

You collected 9213 gold pieces.
You spent 1078 gold pieces at shops.

Inventory:

Hand Weapons
 a - the +9 staff of Olgreb {rPois∞}
   (You found it on level 5 of the Vaults)

   Radiate:   It can be activated via the 'a'bility menu to radiate toxic
   energy, with effectiveness depending on Evocations skill.
   Pois:      It enhances your poison magic.
   rPois∞: It grants immunity to poison.
 O - the +13 sceptre of Asmodeus
   (You took it off Asmodeus on level 7 of Gehenna)

   Fire Summon: It may summon demons of flame and damnation when striking foes.
 R - the +5 Lochaber axe {reach-cleave, Poleaxe ^Drain}
   (You took it off an ironbound preserver on level 5 of the Vaults)

   Poleaxe:   It uses either Axes or Polearms skill, whichever is higher.
   ^Drain:    It drains your maximum health when unequipped.
 U - the +27 heavy crossbow "Sniper" (weapon) {heavy, Acc+∞ SInv}
   (You found it on level 9 of the Dungeon)

   Acc+∞: It never misses its target.
   SInv:      It lets you see invisible.
Armour
 e - the +2 pair of slick slippers {slick, slippery, EV+4}
   (You found it on level 2 of the Depths)

   Slick:     Its wearer cannot be constricted, engulfed, netted or webbed.
   Slippery:  Its wearer slips away from damaging melee attacks, pulling the
   attacker onward.
   EV+4:      It affects your evasion (+4).
 l - the +8 ring mail of Pawyd {rN+ Regen+ Slay+3 SInv}
   (You found it on level 2 of the Dungeon)

   Slay+3:    It affects your accuracy & damage with ranged weapons and melee
   (+3).
   rN+:       It protects you from negative energy.
   SInv:      It lets you see invisible.
   Regen+:    It increases your rate of health regeneration.
 n - a +2 cloak of poison resistance (worn)
 q - the +8 chain mail "Saextyarry" (worn) {rF+}
   (You took it off an orc knight on level 5 of the Vaults)

   rF+:       It protects you from fire.
 u - the +3 crown of Dyrovepreva (worn) {rElec Int+2 SInv}
   (You found it on level 5 of the Vaults)

   Int+2:     It affects your intelligence (+2).
   rElec:     It insulates you from electricity.
   SInv:      It lets you see invisible.
 Z - the +2 pair of boots "Puudotz" {Fly rC+ Will+ Regen+}
   (You found it in a Gauntlet)

   rC+:       It protects you from cold.
   Will+:     It increases your willpower.
   Fly:       It grants you flight.
   Regen+:    It increases your rate of health regeneration.
Jewellery
 b - a +4 ring of slaying
 g - a ring of positive energy
 i - a +4 ring of protection
 k - the ring "Kyseniybb" (left claw) {Fly rF+}
   (You took it off a frost giant on level 3 of the Depths)

   [ring of flight]

   rF+:       It protects you from fire.
   Fly:       It grants you flight.
 t - the ring of Conformity {rC+ rN+ Will++ Int+2 Dex+4}
   (You found it on level 3 of the Vaults)

   [ring of protection from cold]

   Int+2:     It affects your intelligence (+2).
   Dex+4:     It affects your dexterity (+4).
   rC+:       It protects you from cold.
   rN+:       It protects you from negative energy.
   Will++:    It greatly increases your willpower.
 w - a +6 ring of strength
 D - the amulet "Vijoiny" (around neck) {Reflect SH+5 Stlth+}
   (You took it off an orc warrior on level 5 of the Vaults)

   [amulet of reflection]

   Reflect:   It reflects blocked missile attacks.
   SH+5:      It affects your SH (+5).
   Stlth+:    It makes you more stealthy.
 F - the ring of the Original Sin (right claw) {rF+ rCorr Dex+6 Stlth+}
   (You took it off a tengu reaver on level 2 of the Depths)

   [ring of dexterity]

   Dex+6:     It affects your dexterity (+6).
   rF+:       It protects you from fire.
   rCorr:     It protects you from acid and corrosion.
   Stlth+:    It makes you more stealthy.
 M - a ring of protection from cold
 Q - a +5 ring of evasion
 T - the ring "Julyruag" {rPois rF+ rC+}
   (You found it in an ice cave)

   [ring of poison resistance]

   rF+:       It protects you from fire.
   rC+:       It protects you from cold.
   rPois:     It protects you from poison
 X - the amulet "Seoplumu" {Reflect rPois rC- Regen+ Int+3 SH+5}
   (You found it on level 5 of the Vaults)

   [amulet of reflection]

   Reflect:   It reflects blocked missile attacks.
   Int+3:     It affects your intelligence (+3).
   rC-:       It makes you vulnerable to cold.
   rPois:     It protects you from poison Regen+: It increases your rate of
   health regeneration.
   SH+5:      It affects your SH (+5).
Wands
 y - a wand of mindburst (59)
 A - a wand of charming (69)
 E - a wand of roots (38)
 V - a wand of acid (35)
 W - a wand of digging (32)
Scrolls
 c - 4 scrolls of silence
 m - 22 scrolls of teleportation
 o - 6 scrolls of fear
 r - 4 scrolls of fog
 s - 10 scrolls of immolation
 v - 8 scrolls of enchant weapon
 x - 3 scrolls of brand weapon
 z - 9 scrolls of poison
 C - 7 scrolls of enchant armour
 H - 3 scrolls of butterflies
 K - 2 scrolls of revelation
 L - a scroll of blinking
Potions
 d - 8 potions of might
 f - 6 potions of haste
 j - 6 potions of invisibility
 p - 7 potions of resistance
 B - a potion of heal wounds
 G - 4 potions of cancellation
 I - 8 potions of enlightenment
 P - 6 potions of curing
Miscellaneous
 h - a box of beasts (inert)
 J - a phantom mirror
 N - the horn of Geryon (inert)
 S - a phial of floods (inert)
 Y - a tin of tremorstones (2/2)


   Skills:
 * Level 25.9 Fighting
 + Level 14.3 Axes
 O Level 27 Ranged Weapons
 * Level 18.5 Armour
 * Level 18.1 Dodging
 + Level 5.3 Stealth
 * Level 12.5 Shields
 + Level 8.3 Spellcasting
 * Level 1.0 Hexes
 + Level 6.1 Summonings
 * Level 0.7 Translocations
 + Level 4.0 Transmutations
 + Level 8.2 Earth Magic
 * Level 11.7 Evocations


You had 28 spell levels left.
You knew the following spells:

 Your Spells              Type           Power      Damage    Failure   Level
a - Lee's Rapid Deconstr  Erth           16%        3d10*     61%         5
b - Passwall              Tmut/Erth      21%        N/A       14%         2
c - Call Canine Familiar  Summ           26%        N/A       26%         3
d - Dimensional Bullseye  Hex/Tloc       4%         N/A       99%         4

Your spell library contained the following spells:

 Spells                   Type           Power      Damage    Failure   Level
 Summon Small Mammal      Summ           100%       N/A       11%         1
 Call Imp                 Summ           52%        N/A       14%         2
 Animate Armour           Summ/Erth      58%        N/A       43%         4
 Stone Arrow              Conj/Erth      38%        3d9       45%         3
 Slow                     Hex            36%        N/A       52%         1
 Summon Guardian Golem    Hex/Summ       18%        N/A       54%         3
 Magic Dart               Conj           24%        1d4       65%         1
 Shock                    Conj/Air       24%        1d4       65%         1
 Jinxbite                 Hex            18%        N/A       65%         2
 Ensorcelled Hibernation  Hex/Ice        16%        N/A       71%         2
 Cigotuvi's Dreadful Rot  Necr/Pois/Air  12%        N/A       78%         2
 Tukima's Dance           Hex            9%         N/A       85%         3
 Gell's Gravitas          Tloc           9%         N/A       87%         3
 Teleport Other           Tloc           9%         N/A       87%         3
 Inner Flame              Hex/Fire       8%         N/A       89%         3
 Summon Ice Beast         Ice/Summ       16%        N/A       92%         4
 Summon Lightning Spire   Summ/Air       16%        N/A       92%         4
 Mephitic Cloud           Conj/Pois/Air  6%         N/A       93%         3
 Ozocubu's Armour         Ice            6%         N/A       93%         3
 Swiftness                Air            6%         N/A       93%         3
 Borgnjor's Vile Clutch   Necr/Erth      9%         N/A       98%         5
 Anguish                  Hex/Necr       4%         N/A       99%         4
 Cause Fear               Hex            4%         N/A       99%         4
 Manifold Assault         Tloc           9%         N/A       99%         4
 Passage of Golubria      Tloc           9%         N/A       99%         4
 Vhi's Electric Charge    Tloc/Air       14%        N/A       99%         4
 Summon Forest            Summ/Tloc      8%         N/A       99%         5
 Summon Mana Viper        Hex/Summ       18%        N/A       99%         5
 Airstrike                Air            3%         2d(1-17)  100%        4
 Animate Dead             Necr           6%         N/A       100%        4
 Dispel Undead            Necr           6%         3d8       100%        4
 Flame Wave               Conj/Fire      6%         2d5       100%        4
 Sticky Flame             Conj/Fire      6%         2d3       100%        4
 Agony                    Necr           6%         N/A       100%        5
 Alistair's Intoxication  Tmut/Pois      8%         N/A       100%        5
 Arcjolt                  Conj/Air       3%         1d13      100%        5
 Fireball                 Conj/Fire      3%         3d4       100%        5
 Metabolic Englaciation   Hex/Ice        4%         N/A       100%        5
 Silence                  Hex/Air        4%         N/A       100%        5
 Yara's Violent Unravell  Hex/Tmut       7%         3d5       100%        5
 Bombard                  Conj/Erth      9%         9d2       100%        6
 Conjure Ball Lightning   Conj/Air       3%         3x3d6     100%        6
 Death Channel            Necr           3%         N/A       100%        6
 Dispersal                Tloc           4%         N/A       100%        6
 Simulacrum               Ice/Necr       3%         N/A       100%        6
 Summon Cactus Giant      Summ           13%        N/A       100%        6
 Enfeeble                 Hex            4%         N/A       100%        7
 Haunt                    Necr/Summ      8%         N/A       100%        7
 Ozocubu's Refrigeration  Ice            3%         4d8       100%        7
 Borgnjor's Revivificati  Necr           3%         N/A       100%        8
 Discord                  Hex            4%         N/A       100%        8
 Disjunction              Tloc           4%         N/A       100%        8
 Infestation              Necr           3%         N/A       100%        8
 Lehudib's Crystal Spear  Conj/Erth      9%         10d4      100%        8
 Maxwell's Capacitive Co  Air            3%         ∞         100%        8
 Chain Lightning          Conj/Air       3%         3d4       100%        9
 Death's Door             Necr           3%         N/A       100%        9
 Dragon's Call            Summ           13%        N/A       100%        9
 Polar Vortex             Ice            3%         N/A       100%        9


Dungeon Overview and Level Annotations

Branches:
Dungeon (15/15)            Temple (1/1) D:7            Lair (5/5) D:10
 Shoals (4/4) Lair:3       Spider (4/4) Lair:3        Slime (5/5) Lair:4
    Orc (2/2) D:12            Elf (3/3) Orc:2        Vaults (5/5) D:13
  Crypt (1/3) Vaults:2     Depths (4/4) D:15           Hell (visited)
    Dis (3/7) Hell            Geh (7/7) Hell            Coc (7/7) Hell
    Tar (1/7) Hell            Zot (3/5) Depths:4      Sewer (visited)
 Bailey (visited)           IceCv (visited)          WizLab (visited)
Gauntlet (visited)

Altars:
Ashenzari
Cheibriados
Dithmenos
Fedhas
Gozag
Hepliaklqana
Kikubaaqudgha
Makhleb
Nemelex Xobeh
Okawaru
Qazlal
Ru
Sif Muna
Trog
Uskayaw
Vehumet
Wu Jian
Xom
Yredelemnul
Jiyva

Shops:
D:9 !   D:13 !   Orc:1 (   Orc:2 [*(:   Elf:3 !   Vaults:1 *   Vaults:4 *
Vaults:5 ?

Portals:
Hell: Depths:1 Depths:2 Depths:3 Depths:4
Abyss: Depths:1 Depths:3
Pandemonium: Depths:2
Ziggurat: Depths:3

Annotations:
Slime:5 Royal Jelly
Zot:3 2 transporters


Innate Abilities, Weirdness & Mutations

You have claws for hands.
You are completely covered in yellow scales. (AC +4, rCorr)
Your demonic aura causes all spilled blood to erupt in flames.
You are completely covered in sharp spines.
Your presence sometimes corrodes or deforms those you injure.
You can speak a Word of Chaos.
You have a pair of small antennae on your head.
You have hooves in place of feet.
You are agile. (Dex +4, Str/Int -1)
You passively map the area around you.
Your spells are harder to cast, but more powerful.


Message History

The iron golem is lightly damaged.
The war gargoyle launches metal splinters at you.
The spray of metal splinters misses you.
The iron golem misses you. The iron golem completely misses you.
The Hell Sentinel completely misses you.
The Hell Sentinel barely misses you. The iron golem misses you.
The iron golem hits you.
Casting: Lee's Rapid Deconstruction (dangerous; 61% risk of failure)
Confirm with . or Enter, or press ? or * to list all spells.
Aiming: Lee's Rapid Deconstruction (dangerous; 61% risk of failure)
Press: ? - help, Dir - move target, f - war gargoyle, p - iron golem Fragment what (e.g. wall or brittle monster)?: a war gargoyle, wielding a +0 morningstar You miscast Lee's Rapid Deconstruction.
You are very lightly contaminated with residual magic.
You feel a surge of energy from the ground.
The Hell Sentinel hits you!
The Hell Sentinel hits you but does no damage.
The iron golem completely misses you. The iron golem hits you!
Unknown command.
Activating: Oozemancy (19% risk of failure)
Press: ? - help, Dir - look around, f - activate Slime begins to ooze from the nearby walls!
The walls burn the Hell Sentinel!
The Hell Sentinel is struck by your spines.
The Hell Sentinel hits you! The Hell Sentinel closely misses you.
The walls burn the war gargoyle!
The walls burn the iron golem!
The iron golem is struck by your spines.
The iron golem hits you!! The iron golem misses you.
You shoot a bolt. The bolt hits the Hell Sentinel.
The Hell Sentinel is severely wounded.
The walls burn the war gargoyle!
The walls burn the Hell Sentinel!
The Hell Sentinel hits you! The Hell Sentinel misses you.
The walls burn the war gargoyle!
The walls burn the iron golem!
The iron golem hits you but does no damage.
The iron golem hits you!!
* * * LOW HITPOINT WARNING * * *
The walls burn the iron giant!
The walls burn the Hell Sentinel!
The Hell Sentinel gestures at you. The iron shot hits you!!!
You die...

######################
#..#.........§°9.....#
#..'...)......@19....#
#'##+###'##+####'###+#
#..+..'..# #...{.# *
#..#.∩#..+ #...C.+ *
##'##'#..#, #.....#* *
#.....#..# ,#.....+, *
#.....#..# #.....#, *
#...).'..# +.....#
#.....#..# #...9.+ *


You could see an iron golem, a Hell Sentinel and a war gargoyle.

Vanquished Creatures
  Antaeus (Coc:7)
  Asmodeus (Geh:7)
  the Serpent of Hell (Geh:7)
  3 dread liches (Geh:1)
  3 ancient liches
  Mara (Depths:3)
  2 juggernauts
  27 shard shrikes
  A Killer Klown (Zot:2)
  A curse toe (Zot:2)
  2 caustic shrikes (Depths:3)
  The ghost of Boniyj the Victor of a Thousand Battles, a veteran GnWn of Okawaru (Depths:2)
  A profane servitor (Tar:1)
  Geryon (Hell)
  Norris (Vaults:1)
  A bone dragon (Depths:4)
  7 golden dragons
  A Tzitzimitl (Tar:1)
  11 hellephants
  11 Brimstone Fiends
  2 doom hounds (Zot:3)
  An electric golem (Zot:1)
  Jorgrun (Spider:2)
  6 liches
  15 tentacled monstrosities
  Grunn (Zot:3)
  A walking earthen tome (Depths:4)
  19 Ice Fiends
  2 Hell Sentinels
  2 deep elf blademasters (Elf:3)
  16 titans
  2 deep elf master archers (Elf:3)
  7 quicksilver dragons
  39 searing wretches
  6 krakens
  10 ancient champions
  12 sphinxes
  10 shadow dragons
  5 death cobs
  10 storm dragons
  18 tengu reavers
  2 draconian monks
  Roxanne (Shoals:3)
  2 revenants
  Donald (Spider:3)
  Ilsuiw (Shoals:2)
  23 fire giants
  7 narguns
  2 draconian knights
  17 frost giants
  2 draconian scorchers (Zot:2)
  4 iron dragons
  3 deep elf sorcerers
  2 quicksilver elementals (Dis:2)
  14 shard shrike simulacra
  16 vault wardens
  3 ghost moths
  3 draconian shifters
  6 reapers (Hell)
  18 balrugs
  3 orc warlords
  6 deep elf elementalists (Elf:3)
  A ghoul (Vaults:2)
  6 emperor scorpions
  A spectral caustic shrike (WizLab)
  3 draconian stormcallers (Zot:2)
  21 ironbound preservers
  2 spriggan defenders (Depths:3)
  4 draconian annihilators
  24 very ugly things
  2 putrid mouths
  11 ironbound thunderhulks
  4 green draconians
  25 stone giants
  7 deep elf demonologists
  11 black draconians
  15 war gargoyles
  8 vampire knights
  26 elemental wellsprings
  The ghost of Osyvawk the Marksdraconian, a journeyman DrMo of Hepliaklqana (Lair:4)
  9 purple draconians
  3 halazid warlocks (WizLab)
  11 white draconians
  2 yellow draconians
  10 wendigos
  8 deep elf annihilators
  3 dire elephants
  A minotaur (Gauntlet)
  3 spark wasps
  4 red draconians
  14 ettins
  A green death (Coc:3)
  7 iron golems
  A blizzard demon (Hell)
  5 deep elf death magi
  The ghost of Lobster4 the Skirmisher, a journeyman HuHu of Fedhas (Orc:1)
  2 eidola (WizLab)
  7 entropy weavers
  7 merfolk impalers
  2 spectral krakens (Shoals:1)
  3 crystal guardians
  15 fire dragons
  A mummy priest (Depths:1)
  8 deep elf high priests
  4 jiangshi
  11 merfolk javelineers
  9 salamander tyrants
  13 hydras
  11 yaktaur captains
  11 ice dragons
  9 rakshasas
  38 vault guards
  5 juggernaut simulacra
  4 peacekeepers
  20 caustic shrike simulacra
  6 ironbound frosthearts
  2 ghost crabs (Shoals:1)
  3 merfolk avatars
  3 jorogumos (Spider:3)
  2 two-headed ogres
  3 merfolk aquamancers
  9 stokers
  4 radroaches
  A death knight (D:13)
  A catoblepas (Lair:5)
  15 boulder beetles
  12 centaur warriors
  9 spriggan air magi
  32 dancing weapons
  6 satyrs
  5 deep troll shamans
  An alligator snapping turtle (Shoals:4)
  10 tengu warriors
  9 deep troll earth magi
  A titan zombie (WizLab)
  36 hell hogs
  An occultist (D:13)
  16 death yaks (Lair:5)
  4 vampire magi
  5 soul eaters
  17 deep elf knights
  9 orc high priests
  13 demonic crawlers
  8 hell knights
  7 spriggan berserkers
  An iron troll (Hell)
  Nergalle (Lair:3)
  Sonja (Lair:2)
  3 crystal echidnas
  2 shadow wraiths
  8 skysharks
  10 skeletal warriors
  4 sun moths
  8 pharaoh ants
  50 deep trolls
  6 sun demons (Hell)
  2 shadow demons (Depths:1)
  A sixfirhy (Gauntlet)
  5 quicksilver dragon simulacra
  13 orb spiders
  5 flayed ghosts
  5 spark wasp zombies (WizLab)
  An orange crystal statue (IceCv)
  10 deep elf archers
  9 sea snakes
  6 spriggan simulacra
  12 phantasmal warriors
  19 steelbarb worms
  13 ironbound convokers
  5 necromancers
  Pikel (D:4)
  27 deep elf zephyrmancers
  3 wolf spider zombies (WizLab)
  7 arcanists
  24 harpies
  A fenstrider witch simulacrum (Coc:2)
  11 lindwurms
  16 fauns
  14 orc knights
  56 ugly things
  45 deep elf pyromancers
  9 cyclopes
  3 spectral spriggans
  18 wolf spiders
  9 orc sorcerers
  Maurice (Orc:1)
  23 manticores
  8 large abominations (Depths:1)
  7 merfolk sirens
  28 elephants
  26 moths of wrath
  A black mamba (shapeshifter) (Depths:2)
  4 black mambas
  2 kobold blastminers (Orc:1)
  6 rust devils (Hell)
  10 water nymphs
  4 gargoyles
  A storm dragon simulacrum (Hell)
  8 torpor snails
  20 cane toads
  3 rime drakes
  The ghost of Loveship the Vexing, a novice GnHs of Hepliaklqana (D:5)
  An unseen horror (Depths:1)
  5 titan simulacra
  9 komodo dragons
  26 vault sentinels
  An unseen horror (shapeshifter) (D:14)
  6 hellions
  2 kobold demonologists (Depths:1)
  3 tengu conjurers
  4 tormentors
  23 yaktaurs
  5 anaconda simulacra
  10 freezing wraiths
  Psyche (D:10)
  3 spectral harpies
  5 polar bears
  A golden dragon simulacrum (Coc:5)
  4 tyrant leeches (Spider:2)
  26 merfolk
  5 trolls
  An iron giant simulacrum (Coc:5)
  13 wind drakes
  13 meliai
  A merfolk (shapeshifter) (Elf:3)
  2 hornets
  20 tarantellas
  23 blink frogs
  9 dream sheep
  2 glass eyes (Depths:3)
  2 spectral manticores (Shoals:1)
  10 snapping turtles
  2 iron dragon simulacra
  A stone giant simulacrum (Coc:1)
  Sigmund (D:3)
  7 slime creatures
  6 wraiths
  38 jumping spiders
  A ynoxinul (Depths:2)
  39 yaks
  7 naga simulacra
  3 air elementals
  2 centaur simulacra
  12 flying skulls (WizLab)
  2 shadows
  2 vampires
  24 culicivoras
  3 wyverns
  8 dire elephant simulacra
  14 water elementals
  14 vampire mosquitoes
  3 fire elementals
  4 basilisks
  38 redbacks
  An alligator snapping turtle simulacrum (Coc:1)
  3 chaos spawn (Depths:1)
  17 harpy simulacra
  11 wargs
  3 hydra simulacra
  2 great orb of eyes simulacra (IceCv)
  3 hell hounds (Depths:4)
  3 acid dragons
  A spectral snapping turtle (Shoals:1)
  15 water moccasins
  34 orc warriors
  An ettin simulacrum (Coc:7)
  An ice beast (D:7)
  A sky beast (D:7)
  A tengu (shapeshifter) (D:15)
  3 boggarts (Depths:1)
  9 centaurs
  13 wolves
  6 ogres
  2 lemures (D:4)
  2 phantoms
  A kobold brigand (D:9)
  A slime creature simulacrum (IceCv)
  10 bullfrogs
  3 gnoll sergeants
  4 glowing shapeshifter simulacra (IceCv)
  3 earth elementals
  2 scorpions
  3 small abominations (Depths:1)
  11 wights
  9 killer bees (D:9)
  3 electric eels
  5 howler monkeys
  16 jellies
  A hound (D:6)
  21 orc priests
  4 iguanas
  Natasha (thrice) (D:4)
  13 hell rats
  32 orc wizards
  5 adders
  26 gnolls
  6 river rats (Sewer)
  2 shadow imps
  2 white imps
  3 ufetubi (Gauntlet)
  4 worms
  3 dart slugs (D:5)
  83 orcs
  7 endoplasms
  3 giant cockroaches
  16 goblins
  9 hobgoblins
  7 jackals
  16 kobolds
  5 quokkas
  12 ball pythons
  2 bats
  3 frilled lizards
  26 rats
  7 creeping infernos
  8 fire vortices
  18 tentacles
2698 creatures vanquished.

Vanquished Creatures (collateral kills)
  An ancient champion (Dis:2)
  An elemental wellspring (Coc:6)
  An orb spider (Spider:2)
  A tormentor (Tar:1)
  A jumping spider (Spider:2)
  2 orcs (Bailey)
  2 goblins (Bailey)
9 creatures vanquished.

Vanquished Creatures (others)
  A juggernaut (Depths:2)
  An azure jelly (Coc:6)
  A fire giant (Depths:2)
  An iron dragon (Dis:2)
  A frost giant (Depths:2)
  2 quicksilver oozes (IceCv)
  A draconian stormcaller (Zot:3)
  A vault warden (Vaults:3)
  A shard shrike simulacrum (Coc:7)
  A formless jellyfish (Vaults:3)
  An ironbound preserver (Vaults:2)
  2 stone giants (Depths:2)
  A jiangshi (Depths:2)
  2 ettins
  A yaktaur captain (Vaults:5)
  An ice dragon (Depths:2)
  A juggernaut simulacrum (Coc:7)
  3 great orbs of eyes
  A centaur warrior (D:13)
  A spriggan air mage (Depths:2)
  A dancing weapon (Elf:1)
  2 occultists (Depths:2)
  5 glowing orange brains
  A deep elf knight (Elf:3)
  A flayed ghost (Depths:2)
  An orange crystal statue (IceCv)
  2 spriggan simulacra
  A phantasmal warrior (Vaults:4)
  2 arcanists (Vaults:4)
  A harpy (Shoals:4)
  An ironbound convoker (Vaults:1)
  3 deep elf pyromancers
  A glowing shapeshifter (Vaults:5)
  A necromancer (Depths:2)
  3 ugly things
  A guardian serpent (shapeshifter) (Depths:3)
  2 vault sentinels
  An unseen horror (D:12)
  A cane toad (shapeshifter) (Vaults:5)
  2 tormentors
  8 yaktaurs
  A glass eye (Depths:2)
  2 yaktaurs (shapeshifter)
  A kobold demonologist (D:13)
  A troll (D:12)
  A queen bee (shapeshifter) (D:15)
  A merfolk (shapeshifter) (Vaults:5)
  2 dream sheep (Lair:5)
  24 slime creatures
  A blink frog (Lair:4)
  A dire elephant simulacrum (Coc:3)
  A jumping spider (Spider:1)
  A redback (Spider:1)
  2 water moccasins
  2 great orb of eyes simulacra (IceCv)
  An orc warrior (Bailey)
  An ice beast (Vaults:1)
  An ogre (Vaults:4)
  5 boggarts (Vaults:3)
  3 slime creature simulacra (IceCv)
  A bullfrog (Lair:2)
  3 glowing shapeshifter simulacra (IceCv)
  275 jellies
  2 orc wizards
  6 orcs
  2 hobgoblins (Bailey)
  A creeping inferno (Geh:6)
  41 tentacles
449 creatures vanquished.

Grand Total: 3156 creatures vanquished

Notes
Turn   | Place    | Note
-------+----------+-------------------------------------------
     0 | D:1      | gelatine the Demonspawn Fighter began the quest for the
                  | Orb.
     0 | D:1      | Reached XP level 1. HP: 18/18 MP: 1/1
   441 | D:1      | Gained mutation: Your demonic aura sometimes causes spilled
                  | blood to erupt in flames. [demonic ancestry]
   441 | D:1      | Reached XP level 2. HP: 21/24 MP: 2/2
   645 | D:1      | Found a faded altar of an unknown god.
  1075 | D:2      | Gained mutation: You are partially covered in yellow
                  | scales. (AC +2) [demonic ancestry]
  1075 | D:2      | Reached XP level 3. HP: 29/29 MP: 3/3
  1137 | D:2      | Identified the +8 ring mail of Pawyd {rN+ Regen+ Slay+3
                  | SInv}
  1515 | D:3      | Noticed Sigmund
  1527 | D:3      | Killed Sigmund
  1528 | D:3      | Reached skill level 1 in Dodging
  1528 | D:3      | Reached skill level 1 in Stealth
  1528 | D:3      | Reached skill level 1 in Spellcasting
  1528 | D:3      | Gained mutation: You are partially covered in sharp spines.
                  | [demonic ancestry]
  1528 | D:3      | Reached XP level 4. HP: 37/37 MP: 4/6
  1528 | D:3      | Gained mutation: You are mostly covered in sharp spines.
                  | [demonic ancestry]
  1528 | D:3      | Reached XP level 5. HP: 42/42 MP: 4/7
  1573 | D:3      | Identified a scroll of acquirement
  1670 | D:3      | Found a glowing drain.
  1674 | Sewer    | Entered a sewer
  1748 | Sewer    | Gained mutation: Your demonic aura often causes spilled
                  | blood to erupt in flames. [demonic ancestry]
  1748 | Sewer    | Reached XP level 6. HP: 48/48 MP: 8/8
  2988 | D:4      | Noticed Natasha
  2992 | D:4      | Killed Natasha
  2998 | D:4      | Gained mutation: You have sharp fingernails. [demonic
                  | ancestry]
  2998 | D:4      | Reached XP level 7. HP: 53/53 MP: 9/9
  3249 | D:4      | Noticed Natasha
  3257 | D:4      | Killed Natasha
  3289 | D:4      | Noticed Pikel
  3319 | D:4      | Killed Pikel
  3320 | D:4      | Reached skill level 5 in Axes
  3470 | D:4      | Gained mutation: You have very sharp fingernails. [demonic
                  | ancestry]
  3470 | D:4      | Reached XP level 8. HP: 50/61 MP: 10/10
  3493 | D:4      | Identified the +1 trident "Nugrunk" {antimagic, Str+5
                  | Dex-4}
  3907 | D:5      | Entered Level 5 of the Dungeon
  3908 | D:5      | Acquired a +1 cloak of poison resistance
  3927 | D:5      | Gained mutation: You are frail. (-10% HP) [potion of
                  | mutation]
  3927 | D:5      | Gained mutation: You have large cloven feet. [potion of
                  | mutation]
  3985 | D:4      | Noticed Natasha
  3991 | D:4      | Killed Natasha
  4307 | D:5      | Noticed a hornet
  4314 | D:5      | Killed a hornet
  4352 | D:5      | Reached skill level 1 in Evocations
  4364 | D:5      | Found a burning altar of Makhleb.
  4364 | D:5      | Found a bloodstained altar of Trog.
  4680 | D:5      | Found a large runed translucent door.
  4680 | D:5      | Found a large runed translucent door.
  4681 | D:5      | Noticed Loveship's ghost (novice GnHs)
  5074 | D:6      | Found a broken altar of Ashenzari.
  5087 | D:6      | Found a hide-covered altar of Uskayaw.
  5130 | D:6      | You fall into a shaft and drop 3 floors!
  5236 | D:8      | Reached skill level 5 in Fighting
  5236 | D:8      | Reached XP level 9. HP: 59/61 MP: 11/11
  5558 | D:8      | Found a flagged portal.
  5722 | Bailey   | Entered a bailey
  5761 | Bailey   | Reached skill level 5 in Armour
  5808 | Bailey   | Noticed an orc knight
  5845 | Bailey   | Killed an orc knight
  5871 | Bailey   | Reached XP level 10. HP: 67/68 MP: 12/12
  5891 | Bailey   | Noticed an orc warlord
  5909 | Bailey   | Killed an orc warlord
  5910 | Bailey   | Reached skill level 5 in Shields
  6656 | D:7      | Noticed a two-headed ogre
  6668 | D:7      | Killed a two-headed ogre
  6669 | D:7      | Reached skill level 10 in Axes
  6760 | D:7      | Noticed a gargoyle
  6771 | D:7      | Killed a gargoyle
  6877 | D:7      | Found a staircase to the Ecumenical Temple.
  7297 | Temple   | Entered the Ecumenical Temple
  8099 | D:9      | Reached XP level 11. HP: 71/74 MP: 13/13
  8179 | D:9      | Noticed a centaur warrior
  8180 | D:9      | Noticed a deep elf knight
  8186 | D:9      | Killed a centaur warrior
  8191 | D:9      | Killed a deep elf knight
  8192 | D:9      | Reached skill level 5 in Dodging
  8196 | D:9      | Found the +27 heavy crossbow "Sniper" {heavy, Acc+∞ SInv}
  8398 | D:9      | Noticed a tengu warrior
  8415 | D:9      | Killed a tengu warrior
  8703 | D:9      | Noticed a centaur warrior
  8710 | D:9      | Killed a centaur warrior
  8762 | D:9      | Found a radiant altar of Vehumet.
  8767 | D:9      | Found Zuqer's Distillery.
  8773 | D:9      | Bought a potion of heal wounds for 60 gold pieces
  8773 | D:9      | Bought a potion of curing for 36 gold pieces
  8773 | D:9      | Bought 2 potions of heal wounds for 120 gold pieces
  8914 | D:9      | Noticed an orc knight
  8924 | D:9      | Killed an orc knight
  8986 | D:9      | Got Bunaun's Cyclopedia of the Morbid Cwm
  9023 | D:10     | Entered Level 10 of the Dungeon
  9023 | D:10     | Noticed Psyche
  9030 | D:10     | Killed Psyche
  9060 | D:10     | Found a staircase to the Lair.
  9575 | D:10     | Reached XP level 12. HP: 83/83 MP: 14/14
  9724 | Lair:1   | Entered Level 1 of the Lair of Beasts
  9796 | Lair:3   | Noticed Nergalle
  9806 | Lair:3   | Killed Nergalle
  9866 | Lair:3   | Found a staircase to the Shoals.
 10087 | Lair:4   | Found a viscous altar of Jiyva.
 10088 | Lair:4   | Found a staircase to the Slime Pits.
 10096 | Lair:4   | Became a worshipper of Jiyva Jiphiapa the Shapeless
 10246 | Lair:4   | Gained mutation: You have claws for hands. [demonic
                  | ancestry]
 10246 | Lair:4   | Reached XP level 13. HP: 69/90 MP: 15/15
 10469 | Lair:4   | Reached * piety under Jiyva
 10587 | Lair:4   | Found a runed translucent gate.
 10588 | Lair:4   | Found a runed translucent gate.
 10589 | Lair:4   | Found a runed translucent gate.
 10589 | Lair:4   | Noticed Osyvawk's ghost (journeyman DrMo)
 11055 | Lair:3   | Reached ** piety under Jiyva
 11233 | Lair:3   | Found a hole to the Spider Nest.
 11424 | Lair:2   | Reached skill level 10 in Fighting
 11434 | Lair:2   | Reached skill level 1 in Ranged Weapons
 11587 | Lair:2   | Reached *** piety under Jiyva
 11599 | Lair:2   | Gained mutation: You have hidden genetic potential.
                  | [Jiyva's grace]
 11599 | Lair:2   | Gained mutation: You have great hidden genetic potential.
                  | [Jiyva's grace]
 11599 | Lair:2   | Gained mutation: Your body has grown eyes which may confuse
                  | attackers. (Acc +3) [Jiyva's grace]
 11599 | Lair:2   | Gained mutation: Your body has grown many eyes which may
                  | confuse attackers. (Acc +5) [Jiyva's grace]
 11714 | Lair:2   | Reached skill level 2 in Ranged Weapons
 11989 | Lair:2   | Noticed Sonja
 11990 | Lair:2   | Killed Sonja
 12203 | Lair:1   | Reached skill level 3 in Ranged Weapons
 12209 | Lair:1   | Reached skill level 4 in Ranged Weapons
 12263 | Lair:1   | Reached **** piety under Jiyva
 12530 | Lair:1   | Found a transporter.
 12531 | Lair:1   | Found a transporter.
 12653 | Lair:1   | Reached ***** piety under Jiyva
 12913 | Lair:1   | Reached skill level 5 in Ranged Weapons
 13107 | D:5      | Killed Loveship's ghost
 13108 | D:5      | Gained mutation: Your demonic aura causes all spilled blood
                  | to erupt in flames. [demonic ancestry]
 13108 | D:5      | Reached XP level 14. HP: 99/99 MP: 16/16
 13335 | Lair:4   | Killed Osyvawk's ghost
 13367 | Lair:4   | Identified the +0 broad axe "Xuit" {holy, *Noise Int+3
                  | Stlth+}
 13389 | Lair:5   | Entered Level 5 of the Lair of Beasts
 13394 | Lair:5   | Reached skill level 6 in Ranged Weapons
 13438 | Lair:5   | Lost mutation: Your body has grown many eyes which may
                  | confuse attackers. (Acc +5) [Jiyva's grace]
 13438 | Lair:5   | Gained mutation: Your mind is acute. (Int +4, Str/Dex -1)
                  | [Jiyva's grace]
 13438 | Lair:5   | Gained mutation: Your mind is very acute. (Int +8, Str/Dex
                  | -2) [Jiyva's grace]
 13438 | Lair:5   | Gained mutation: Armour fits poorly on your pseudopods.
                  | [Jiyva's grace]
 13438 | Lair:5   | Gained mutation: Armour fits poorly on your large
                  | pseudopods. [Jiyva's grace]
 13452 | Lair:5   | Reached skill level 7 in Ranged Weapons
 13462 | Lair:5   | Gained mutation: Your spells are a little harder to cast,
                  | but a little more powerful. [hidden potential]
 13470 | Lair:5   | Identified the +0 ring mail of Vlad {Str+4}
 13487 | Lair:5   | Identified the staff of the Howling Wolf {Fly Int-4 Dex+3
                  | Earth}
 13532 | Lair:5   | Got the Vellum of Ensorcelling and Shades
 13555 | Lair:5   | Reached skill level 8 in Ranged Weapons
 13650 | Lair:5   | Reached skill level 9 in Ranged Weapons
 13994 | Lair:5   | Identified the +6 rapier of Ress {holy, rElec rC+ Dex+6
                  | Stlth-}
 14514 | D:11     | Reached skill level 1 in Earth Magic
 14514 | D:11     | Gained mutation: Your presence sometimes corrodes those you
                  | injure. [demonic ancestry]
 14514 | D:11     | Reached XP level 15. HP: 107/107 MP: 16/18
 14522 | D:11     | Lost mutation: Your mind is very acute. (Int +8, Str/Dex
                  | -2) [Jiyva's grace]
 14522 | D:11     | Gained mutation: You have a pair of small horns on your
                  | head. [Jiyva's grace]
 14522 | D:11     | Gained mutation: You have a pair of horns on your head.
                  | [Jiyva's grace]
 14522 | D:11     | Gained mutation: You have a pair of large horns on your
                  | head. [Jiyva's grace]
 14522 | D:11     | Gained mutation: You passively map a small area around you.
                  | [Jiyva's grace]
 14569 | D:11     | Reached ****** piety under Jiyva
 14983 | D:12     | Reached skill level 10 in Ranged Weapons
 14986 | D:12     | Reached XP level 16. HP: 112/112 MP: 19/19
 15080 | D:12     | Found a staircase to the Orcish Mines.
 15840 | D:13     | Lost mutation: You have a pair of large horns on your head.
                  | [Jiyva's grace]
 15840 | D:13     | Lost mutation: Your spells are a little harder to cast, but
                  | a little more powerful. [Jiyva's grace]
 15840 | D:13     | Lost mutation: Armour fits poorly on your large pseudopods.
                  | [Jiyva's grace]
 15840 | D:13     | Gained mutation: Armour fits poorly on your large
                  | pseudopods. [Jiyva's grace]
 15840 | D:13     | Gained mutation: Armour fits poorly on your massive
                  | pseudopods. [Jiyva's grace]
 15840 | D:13     | Gained mutation: You have a small jelly attached to you
                  | that may absorb projectiles. [Jiyva's grace]
 15840 | D:13     | Gained mutation: You possess an exceptional clarity of
                  | mind. [Jiyva's grace]
 16051 | D:13     | Found a shimmering altar of Xom.
 16094 | D:13     | Found Pyoqau's Distillery.
 16315 | D:13     | Reached skill level 11 in Ranged Weapons
 16322 | D:13     | Gained mutation: You have a pair of large horns on your
                  | head. [hidden potential]
 16322 | D:13     | Lost mutation: You have great hidden genetic potential.
                  | [hidden potential expressed]
 16530 | D:13     | Identified the +6 mace of the Dozen Tables {heavy, rPois
                  | Str+2}
 16540 | D:13     | Found a gate to the Vaults.
 17015 | D:14     | Reached skill level 12 in Ranged Weapons
 17066 | D:14     | Found a gate leading to a gauntlet.
 17075 | Gauntlet | Entered a Gauntlet
 17075 | Gauntlet | Found a transporter.
 17085 | Gauntlet | Found a transporter.
 17100 | Gauntlet | Found a transporter.
 17102 | Gauntlet | Found a large runed translucent door.
 17103 | Gauntlet | Found a large runed translucent door.
 17104 | Gauntlet | Found a large runed translucent door.
 17104 | Gauntlet | Found a large runed translucent door.
 17104 | Gauntlet | Found a runed translucent door.
 17105 | Gauntlet | Found a transporter.
 17106 | Gauntlet | Found a runed translucent door.
 17107 | Gauntlet | Found a large runed translucent door.
 17107 | Gauntlet | Found a large runed translucent door.
 17108 | Gauntlet | Found a large runed translucent door.
 17109 | Gauntlet | Found a large runed translucent door.
 17115 | Gauntlet | Found a large runed translucent door.
 17115 | Gauntlet | Found a large runed translucent door.
 17116 | Gauntlet | Found a large runed translucent door.
 17116 | Gauntlet | Found a large runed translucent door.
 17117 | Gauntlet | Found a large runed translucent door.
 17117 | Gauntlet | Found a large runed translucent door.
 17118 | Gauntlet | Found a runed translucent gate.
 17118 | Gauntlet | Found a runed translucent gate.
 17118 | Gauntlet | Found a runed translucent gate.
 17120 | Gauntlet | Found a transporter.
 17130 | Gauntlet | Found a large runed translucent door.
 17131 | Gauntlet | Found a large runed translucent door.
 17139 | Gauntlet | Found a transporter.
 17151 | Gauntlet | Found a transporter.
 17163 | Gauntlet | Found a transporter.
 17175 | Gauntlet | Found a transporter.
 17187 | Gauntlet | Found a transporter.
 17206 | Gauntlet | Found a transporter.
 17221 | Gauntlet | Found a transporter.
 17223 | Gauntlet | Found a transporter.
 17248 | Gauntlet | Found a transporter.
 17250 | Gauntlet | Found a transporter.
 17270 | Gauntlet | Found a transporter.
 17284 | Gauntlet | Found a transporter.
 17284 | Gauntlet | Found a transporter.
 17342 | Gauntlet | Identified the +2 pair of boots "Puudotz" {Fly rC+ Will+
                  | Regen+}
 17426 | Gauntlet | Identified the ring "Qocuuhao" {rPois Int+3 SInv}
 17471 | D:14     | Lost mutation: You have a pair of large horns on your head.
                  | [Jiyva's grace]
 17471 | D:14     | Lost mutation: You have a pair of horns on your head.
                  | [Jiyva's grace]
 17471 | D:14     | Lost mutation: You possess an exceptional clarity of mind.
                  | [Jiyva's grace]
 17471 | D:14     | Lost mutation: Your mind is acute. (Int +4, Str/Dex -1)
                  | [Jiyva's grace]
 17471 | D:14     | Lost mutation: Armour fits poorly on your massive
                  | pseudopods. [Jiyva's grace]
 17471 | D:14     | Gained mutation: Your spells are a little harder to cast,
                  | but a little more powerful. [Jiyva's grace]
 17471 | D:14     | Gained mutation: Your spells are harder to cast, but more
                  | powerful. [Jiyva's grace]
 17471 | D:14     | Gained mutation: Your spells are much harder to cast, but
                  | much more powerful. [Jiyva's grace]
 17471 | D:14     | Gained mutation: You are strong-willed. (Will+) [Jiyva's
                  | grace]
 17883 | D:15     | Entered Level 15 of the Dungeon
 18013 | D:15     | Found a frozen archway.
 18021 | IceCv    | Entered an ice cave
 18145 | IceCv    | Found a viscous altar of Jiyva.
 18162 | IceCv    | Identified the ring "Julyruag" {rPois rF+ rC+}
 18527 | D:15     | Reached skill level 13 in Ranged Weapons
 18549 | D:15     | Found a staircase to the Depths.
 18816 | Spider:1 | Entered Level 1 of the Spider Nest
 18931 | Spider:1 | Reached skill level 10 in Armour
 18938 | Spider:1 | Gained mutation: You are mostly covered in yellow scales.
                  | (AC +3) [demonic ancestry]
 18938 | Spider:1 | Reached XP level 17. HP: 67/121 MP: 11/20
 19135 | Spider:1 | Lost mutation: You are strong-willed. (Will+) [Jiyva's
                  | grace]
 19135 | Spider:1 | Lost mutation: Your body has grown eyes which may confuse
                  | attackers. (Acc +3) [Jiyva's grace]
 19135 | Spider:1 | Lost mutation: You have hidden genetic potential. [Jiyva's
                  | grace]
 19135 | Spider:1 | Gained mutation: A frigid envelope surrounds you and
                  | freezes all who hurt you. [Jiyva's grace]
 19135 | Spider:1 | Gained mutation: You expend magic power (3 MP) to
                  | strengthen your wands. [Jiyva's grace]
 19135 | Spider:1 | Gained mutation: You are covered in fur. (AC +1) [Jiyva's
                  | grace]
 19135 | Spider:1 | Gained mutation: You are covered in thick fur. (AC +2)
                  | [Jiyva's grace]
 19148 | Spider:1 | Reached skill level 14 in Ranged Weapons
 19666 | Spider:2 | Reached skill level 10 in Dodging
 19816 | Spider:2 | Noticed Jorgrun
 19818 | Spider:2 | Killed Jorgrun
 19911 | Spider:3 | Reached skill level 15 in Ranged Weapons
 20278 | Spider:3 | Noticed Donald
 20280 | Spider:3 | Killed Donald
 20625 | Spider:4 | Entered Level 4 of the Spider Nest
 20635 | Spider:4 | Reached XP level 18. HP: 129/129 MP: 21/21
 20639 | Spider:4 | Reached skill level 16 in Ranged Weapons
 20749 | Spider:4 | Got a gossamer rune of Zot
 20894 | Spider:4 | Lost mutation: You have a pair of small horns on your head.
                  | [Jiyva's grace]
 20894 | Spider:4 | Lost mutation: You are frail. (-10% HP) [Jiyva's grace]
 20894 | Spider:4 | Gained mutation: You have acidic saliva. [Jiyva's grace]
 20894 | Spider:4 | Gained mutation: Your melee attacks may engulf your foes in
                  | ooze. [Jiyva's grace]
 20894 | Spider:4 | Gained mutation: You have a pair of small antennae on your
                  | head. [Jiyva's grace]
 20894 | Spider:4 | Gained mutation: You have a pair of antennae on your head.
                  | [Jiyva's grace]
 21564 | Shoals:1 | Entered Level 1 of the Shoals
 21989 | Shoals:1 | Reached skill level 17 in Ranged Weapons
 22303 | Shoals:2 | Identified the +0 ring mail "Kyfuri" {rF++ rC+++ MP-9
                  | Slay+3}
 22703 | Shoals:2 | Lost mutation: You are covered in thick fur. (AC +2)
                  | [Jiyva's grace]
 22703 | Shoals:2 | Lost mutation: You are covered in fur. (AC +1) [Jiyva's
                  | grace]
 22703 | Shoals:2 | Lost mutation: Your spells are much harder to cast, but
                  | much more powerful. [Jiyva's grace]
 22703 | Shoals:2 | Lost mutation: Your spells are harder to cast, but more
                  | powerful. [Jiyva's grace]
 22703 | Shoals:2 | Lost mutation: Your spells are a little harder to cast, but
                  | a little more powerful. [Jiyva's grace]
 22703 | Shoals:2 | Lost mutation: Armour fits poorly on your large pseudopods.
                  | [Jiyva's grace]
 22703 | Shoals:2 | Gained mutation: You have a small jelly attached to you
                  | that senses nearby items. [Jiyva's grace]
 22703 | Shoals:2 | Gained mutation: You are agile. (Dex +4, Str/Int -1)
                  | [Jiyva's grace]
 22703 | Shoals:2 | Gained mutation: You are very agile. (Dex +8, Str/Int -2)
                  | [Jiyva's grace]
 22703 | Shoals:2 | Gained mutation: Your skin changes colour to match your
                  | surroundings (Stealth+). [Jiyva's grace]
 22854 | Shoals:2 | Noticed Ilsuiw
 22858 | Shoals:2 | Killed Ilsuiw
 23072 | Shoals:3 | Noticed Roxanne
 23075 | Shoals:3 | Killed Roxanne
 23146 | Shoals:3 | Reached XP level 19. HP: 153/153 MP: 22/22
 23241 | Shoals:3 | Reached skill level 18 in Ranged Weapons
 23659 | Shoals:4 | Entered Level 4 of the Shoals
 23708 | Shoals:4 | Reached skill level 15 in Fighting
 23978 | Shoals:4 | Got a barnacled rune of Zot
 24552 | Slime:1  | Entered Level 1 of the Pits of Slime
 25271 | Slime:5  | Entered Level 5 of the Pits of Slime
 25341 | Slime:5  | Noticed the Royal Jelly
 25351 | Slime:5  | Got a slimy rune of Zot
 25396 | Slime:5  | Found the +6 arbalest "Damnation" {damnation}
 25401 | Slime:5  | Identified the +0 robe "Woalamiw" {^Drain rN+ rCorr Int+2}
 25460 | Slime:5  | Identified the staff of Tahuppia {rPois Int-3 Dex+9 Conj
                  | Tloc}
 25487 | Slime:5  | Found a viscous altar of Jiyva.
 25846 | Orc:1    | Entered Level 1 of the Orcish Mines
 25853 | Orc:1    | Noticed Maurice
 25854 | Orc:1    | Killed Maurice
 25873 | Orc:1    | Found Ditzic's Antique Weapon Emporium.
 25879 | Orc:1    | Found a runed translucent gate.
 25880 | Orc:1    | Found a runed translucent gate.
 25884 | Orc:1    | Found a runed translucent gate.
 25909 | Orc:1    | Noticed Lobster4's ghost (journeyman HuHu)
 25912 | Orc:1    | Found the +5 robe of Night {Dark Will+ SInv}
 25933 | Orc:1    | Killed Lobster4's ghost
 26015 | Orc:2    | Entered Level 2 of the Orcish Mines
 26015 | Orc:2    | Found a staircase to the Elven Halls.
 26172 | Orc:2    | Lost mutation: You have a pair of antennae on your head.
                  | [Jiyva's grace]
 26172 | Orc:2    | Lost mutation: You are very agile. (Dex +8, Str/Int -2)
                  | [Jiyva's grace]
 26172 | Orc:2    | Lost mutation: You are agile. (Dex +4, Str/Int -1) [Jiyva's
                  | grace]
 26172 | Orc:2    | Lost mutation: Armour fits poorly on your pseudopods.
                  | [Jiyva's grace]
 26172 | Orc:2    | Lost mutation: You expend magic power (3 MP) to strengthen
                  | your wands. [Jiyva's grace]
 26172 | Orc:2    | Lost mutation: You have large cloven feet. [Jiyva's grace]
 26172 | Orc:2    | Gained mutation: You have sharp toenails. [Jiyva's grace]
 26172 | Orc:2    | Gained mutation: You have razor-sharp toenails. [Jiyva's
                  | grace]
 26172 | Orc:2    | Gained mutation: You have claws for feet. [Jiyva's grace]
 26172 | Orc:2    | Gained mutation: Armour fits poorly on your pseudopods.
                  | [Jiyva's grace]
 26173 | Orc:2    | Lost mutation: You have acidic saliva. [potion of mutation]
 26173 | Orc:2    | Lost mutation: You have a pair of small antennae on your
                  | head. [potion of mutation]
 26173 | Orc:2    | Lost mutation: Your melee attacks may engulf your foes in
                  | ooze. [potion of mutation]
 26173 | Orc:2    | Gained mutation: You passively map the area around you.
                  | [potion of mutation]
 26174 | Orc:2    | Lost mutation: Armour fits poorly on your pseudopods.
                  | [potion of mutation]
 26174 | Orc:2    | Lost mutation: You have a small jelly attached to you that
                  | senses nearby items. [potion of mutation]
 26174 | Orc:2    | Lost mutation: You have claws for feet. [potion of
                  | mutation]
 26191 | Orc:2    | Found Nujaatix's Antique Weapon Shop.
 26230 | Orc:2    | Found Bolur's Book Boutique.
 26309 | Orc:2    | Found Oruraun's General Store.
 26327 | Orc:2    | Found Diwaosk's Antique Armour Shop.
 26780 | Vaults:1 | Entered Level 1 of the Vaults
 26818 | Vaults:1 | Found a portal to a secret trove of treasure.
 26988 | Vaults:1 | Identified the +1 orcbow "Lorr" {antimagic, ^Fragile rPois
                  | rN+}
 27036 | Vaults:1 | Reached skill level 19 in Ranged Weapons
 27400 | Vaults:1 | Noticed Norris
 27403 | Vaults:1 | Killed Norris
 27452 | Vaults:1 | Gained mutation: Your presence sometimes corrodes or
                  | deforms those you injure. [demonic ancestry]
 27452 | Vaults:1 | Reached XP level 20. HP: 164/164 MP: 23/23
 27535 | Vaults:1 | Found Xaiqeh's Assorted Antiques.
 27851 | D:13     | Bought a potion of curing for 39 gold pieces
 27851 | D:13     | Bought a potion of curing for 39 gold pieces
 27851 | D:13     | Bought 2 potions of curing for 78 gold pieces
 27851 | D:13     | Bought a potion of curing for 39 gold pieces
 27901 | Vaults:1 | You paid a toll of 16 potions of curing to enter a treasure
                  | trove
 27902 | Trove    | Entered a treasure trove
 28100 | Vaults:2 | Found a staircase to the Crypt.
 28136 | Vaults:2 | Lost mutation: You have razor-sharp toenails. [Jiyva's
                  | grace]
 28136 | Vaults:2 | Lost mutation: You passively map the area around you.
                  | [Jiyva's grace]
 28136 | Vaults:2 | Gained mutation: Your body has grown eyes which may confuse
                  | attackers. (Acc +3) [Jiyva's grace]
 28136 | Vaults:2 | Gained mutation: Your body has grown many eyes which may
                  | confuse attackers. (Acc +5) [Jiyva's grace]
 28136 | Vaults:2 | Gained mutation: Your body is covered in eyes which may
                  | confuse attackers. (Acc +7, SInv) [Jiyva's grace]
 28136 | Vaults:2 | Gained mutation: You expend magic power (3 MP) to
                  | strengthen your wands. [Jiyva's grace]
 28180 | Vaults:2 | Reached skill level 20 in Ranged Weapons
 28998 | Vaults:3 | Identified the ring of Conformity {rC+ rN+ Will++ Int+2
                  | Dex+4}
 29174 | Vaults:3 | Found a magical portal.
 29184 | WizLab   | Entered Borgnjor's Mausoleum
 29184 | WizLab   | Lost mutation: Your body is covered in eyes which may
                  | confuse attackers. (Acc +7, SInv) [Jiyva's grace]
 29184 | WizLab   | Lost mutation: You have sharp toenails. [Jiyva's grace]
 29184 | WizLab   | Gained mutation: You have large cloven feet. [Jiyva's
                  | grace]
 29184 | WizLab   | Gained mutation: You have hoof-like feet. [Jiyva's grace]
 29184 | WizLab   | Gained mutation: You have hooves in place of feet. [Jiyva's
                  | grace]
 29184 | WizLab   | Gained mutation: You are resistant to electric shocks.
                  | (rElec) [Jiyva's grace]
 29241 | WizLab   | Reached skill level 21 in Ranged Weapons
 29402 | WizLab   | Gained mutation: You can speak a Word of Chaos. [demonic
                  | ancestry]
 29402 | WizLab   | Reached XP level 21. HP: 172/172 MP: 24/24
 30221 | Vaults:3 | Identified the +1 sling "Fane" {freeze, Int+2}
 30227 | Vaults:3 | Identified the orb of Sarghahotz {light, *Corrode rN+++
                  | Stlth+}
 30228 | Vaults:3 | Identified the +0 leather armour of Theory {rF+ Str+3
                  | Int+2}
 30443 | Vaults:4 | Learned a level 5 spell: Lee's Rapid Deconstruction
 30592 | Vaults:4 | Found Calunnai's General Store.
 30600 | Vaults:4 | Bought a potion of curing for 54 gold pieces
 30600 | Vaults:4 | Bought a scroll of fear for 72 gold pieces
 30733 | Vaults:4 | Lost mutation: You have hooves in place of feet. [Jiyva's
                  | grace]
 30733 | Vaults:4 | Lost mutation: Your body has grown many eyes which may
                  | confuse attackers. (Acc +5) [Jiyva's grace]
 30733 | Vaults:4 | Lost mutation: You have a small jelly attached to you that
                  | may absorb projectiles. [Jiyva's grace]
 30733 | Vaults:4 | Gained mutation: Your melee attacks may engulf your foes in
                  | ooze. [Jiyva's grace]
 30733 | Vaults:4 | Lost mutation: You have hoof-like feet. [Jiyva's grace]
 30733 | Vaults:4 | Lost mutation: You have large cloven feet. [Jiyva's grace]
 30733 | Vaults:4 | Gained mutation: You have sharp toenails. [Jiyva's grace]
 30733 | Vaults:4 | Gained mutation: You have razor-sharp toenails. [Jiyva's
                  | grace]
 30733 | Vaults:4 | Gained mutation: You have claws for feet. [Jiyva's grace]
 30823 | Vaults:4 | Identified the +4 flail of Strategic Superiority {freeze,
                  | *Corrode Str+2 Int+5}
 31324 | Vaults:5 | Entered Level 5 of the Vaults
 31364 | Vaults:4 | Reached skill level 22 in Ranged Weapons
 31531 | Vaults:5 | Identified the amulet "Ymiy" {RegenMP rC+ rCorr}
 31596 | Vaults:4 | Gained mutation: You are completely covered in sharp
                  | spines. [demonic ancestry]
 31596 | Vaults:4 | Reached XP level 22. HP: 101/168 MP: 27/27
 31747 | Vaults:5 | Found the +9 staff of Olgreb {rPois∞}
 31748 | Vaults:5 | Found Raheen's Magic Scroll Boutique.
 31751 | Vaults:5 | Identified the +1 pair of gloves "Qadoetia" {Harm Dex+4}
 31764 | Vaults:5 | Bought a scroll of blinking for 82 gold pieces
 31764 | Vaults:5 | Bought a scroll of blinking for 82 gold pieces
 31808 | Vaults:5 | Identified the +7 whip of the Traitor {vamp, *Corrode rF+
                  | Will+ Int+2}
 31811 | Vaults:5 | Got the Compendium of Necromantic Rites
 31858 | Vaults:5 | Identified the amulet "Ireh" {Spirit rPois Str-3 Dex+4}
 31880 | Vaults:5 | Got a silver rune of Zot
 32254 | Vaults:5 | Gained mutation: You have an increased reservoir of magic.
                  | (+10% MP) [Jiyva's grace]
 32254 | Vaults:5 | Gained mutation: You have a considerably increased
                  | reservoir of magic. (+20% MP) [Jiyva's grace]
 32254 | Vaults:5 | Gained mutation: You have a greatly increased reservoir of
                  | magic. (+30% MP) [Jiyva's grace]
 32254 | Vaults:5 | Gained mutation: You are covered in slimy tendrils that may
                  | disarm your opponents. [Jiyva's grace]
 32529 | Vaults:5 | Identified the storm talisman of the Accordion {*Corrode
                  | Str+2 Int+3 SInv}
 32537 | Vaults:5 | Identified the amulet "Seoplumu" {Reflect rPois rC- Regen+
                  | Int+3 SH+5}
 32661 | Vaults:5 | Noticed an ancient lich
 32662 | Vaults:5 | Killed an ancient lich
 32696 | Vaults:5 | Identified the amulet "Vijoiny" {Reflect SH+5 Stlth+}
 32698 | Vaults:5 | Identified the +8 chain mail "Saextyarry" {rF+}
 32713 | Vaults:5 | Acquired 625 gold pieces
 32739 | Vaults:5 | Identified the staff "Lyrei" {rN+ Dex+7 Necro}
 32744 | Vaults:5 | Found the +3 crown of Dyrovepreva {rElec Int+2 SInv}
 32749 | Vaults:5 | Identified the +2 scale mail of the End {Harm}
 32757 | Vaults:5 | Identified the +1 leather armour of Jyhuj {rCorr Dex+4}
 32761 | Vaults:5 | Identified the staff "Honacyno" {rPois Conj}
 33130 | Elf:1    | Entered Level 1 of the Elven Halls
 33141 | Elf:1    | Reached skill level 23 in Ranged Weapons
 33186 | Elf:1    | Reached skill level 5 in Spellcasting
 33232 | Elf:1    | Got the Compendium of Familiar Arcane Combat
 34014 | Elf:2    | Reached skill level 5 in Earth Magic
 34020 | Elf:2    | Lost mutation: You have claws for feet. [Jiyva's grace]
 34020 | Elf:2    | Lost mutation: Your skin changes colour to match your
                  | surroundings (Stealth+). [Jiyva's grace]
 34020 | Elf:2    | Lost mutation: You have a greatly increased reservoir of
                  | magic. (+30% MP) [Jiyva's grace]
 34020 | Elf:2    | Lost mutation: A frigid envelope surrounds you and freezes
                  | all who hurt you. [Jiyva's grace]
 34020 | Elf:2    | Lost mutation: Your body has grown eyes which may confuse
                  | attackers. (Acc +3) [Jiyva's grace]
 34020 | Elf:2    | Gained mutation: Your movements are slightly less
                  | encumbered by armour. (ER -2) [Jiyva's grace]
 34020 | Elf:2    | Gained mutation: Your movements are less encumbered by
                  | armour. (ER -4) [Jiyva's grace]
 34020 | Elf:2    | Gained mutation: Your movements are significantly less
                  | encumbered by armour. (ER -6) [Jiyva's grace]
 34020 | Elf:2    | Gained mutation: You passively dampen the noise of your
                  | surroundings. [Jiyva's grace]
 34261 | Elf:2    | Reached XP level 23. HP: 192/192 MP: 37/37
 34278 | Elf:2    | Found a runed translucent gate.
 34279 | Elf:2    | Found a runed translucent gate.
 34279 | Elf:2    | Found a runed translucent gate.
 34732 | Elf:3    | Entered Level 3 of the Elven Halls
 34943 | Elf:3    | Identified the +0 leather armour "Meicuahe" {rF+ rC+ Int-5
                  | Dex+4}
 34989 | Elf:3    | Identified the +0 scale mail "Jiyl Noej" {-Cast rF+ Will++
                  | rCorr}
 34995 | Elf:3    | Reached skill level 24 in Ranged Weapons
 34997 | Elf:3    | Identified the +0 helmet of True Grit {rF++}
 35101 | Elf:3    | Identified the +0 plate armour of Disguise {rF++ Slay-3
                  | Stlth+}
 35107 | Elf:3    | Identified the +3 arbalest of the Thirsty Persimmons
                  | {heavy, Dex+10}
 35212 | Elf:3    | Identified the +9 shortbow "Pendulum" {flame, rElec}
 35279 | Elf:3    | Identified the +3 glaive "Ivotudul" {venom, Str+2}
 35319 | Elf:3    | Found Fequsawoa's Distillery.
 35327 | Elf:3    | Bought a potion of heal wounds for 65 gold pieces
 35327 | Elf:3    | Bought a potion of curing for 39 gold pieces
 35327 | Elf:3    | Bought 2 potions of heal wounds for 130 gold pieces
 35327 | Elf:3    | Bought a potion of curing for 39 gold pieces
 35327 | Elf:3    | Bought a potion of curing for 39 gold pieces
 35327 | Elf:3    | Bought a potion of heal wounds for 65 gold pieces
 35371 | Elf:3    | Paralysed by an air elemental for 1 turns
 35753 | Depths:1 | Entered Level 1 of the Depths
 36009 | Depths:1 | Found a one-way gate to the infinite horrors of the Abyss.
 36143 | Depths:1 | Lost mutation: You expend magic power (3 MP) to strengthen
                  | your wands. [Jiyva's grace]
 36143 | Depths:1 | Lost mutation: Your movements are significantly less
                  | encumbered by armour. (ER -6) [Jiyva's grace]
 36143 | Depths:1 | Gained mutation: You have a small jelly attached to you
                  | that senses nearby items. [Jiyva's grace]
 36143 | Depths:1 | Gained mutation: Your natural rate of healing is unusually
                  | fast. [Jiyva's grace]
 36143 | Depths:1 | Gained mutation: You heal very quickly. [Jiyva's grace]
 36143 | Depths:1 | Gained mutation: You regenerate. [Jiyva's grace]
 36433 | Depths:1 | Found a gateway to Hell.
 36449 | Depths:1 | Found a shimmering blue altar of Sif Muna.
 36454 | Depths:1 | Identified the amulet of Heresy {RegenMP Regen+ Str+2}
 36845 | Depths:2 | Found a runed translucent door.
 36845 | Depths:2 | Noticed Boniyj's ghost (veteran GnWn)
 36859 | Depths:2 | Killed Boniyj's ghost
 36865 | Depths:2 | Got the Volume of the Familiar Caves
 36886 | Depths:2 | Learned a level 2 spell: Passwall
 36960 | Depths:2 | Gained mutation: You are completely covered in yellow
                  | scales. (AC +4, rCorr) [demonic ancestry]
 36960 | Depths:2 | Reached XP level 24. HP: 184/201 MP: 39/39
 37033 | Depths:2 | Reached skill level 1 in Summonings
 37466 | Depths:2 | Found a one-way gate leading to the halls of Pandemonium.
 37552 | Depths:2 | Killed a juggernaut
 37606 | Depths:2 | Reached skill level 1 in Transmutations
 37764 | Depths:2 | Identified the ring of the Original Sin {rF+ rCorr Dex+6
                  | Stlth+}
 37784 | Depths:2 | Found the +2 pair of slick slippers {slick, slippery, EV+4}
 38275 | Depths:3 | Lost mutation: You have a considerably increased reservoir
                  | of magic. (+20% MP) [Jiyva's grace]
 38275 | Depths:3 | Lost mutation: You regenerate. [Jiyva's grace]
 38275 | Depths:3 | Lost mutation: You have a small jelly attached to you that
                  | senses nearby items. [Jiyva's grace]
 38275 | Depths:3 | Lost mutation: Your movements are less encumbered by
                  | armour. (ER -4) [Jiyva's grace]
 38275 | Depths:3 | Lost mutation: Your melee attacks may engulf your foes in
                  | ooze. [Jiyva's grace]
 38275 | Depths:3 | Lost mutation: You passively dampen the noise of your
                  | surroundings. [Jiyva's grace]
 38275 | Depths:3 | Gained mutation: You have hidden genetic potential.
                  | [Jiyva's grace]
 38275 | Depths:3 | Gained mutation: You have great hidden genetic potential.
                  | [Jiyva's grace]
 38275 | Depths:3 | Gained mutation: Your melee attacks may engulf your foes in
                  | ooze. [Jiyva's grace]
 38275 | Depths:3 | Gained mutation: You passively map the area around you.
                  | [Jiyva's grace]
 38281 | Depths:3 | Noticed Mara
 38285 | Depths:3 | Killed Mara
 38288 | Depths:3 | Reached skill level 25 in Ranged Weapons
 38334 | Depths:3 | Reached skill level 5 in Stealth
 38634 | Depths:3 | Identified the +0 swamp dragon scales of Winter {rElec
                  | rPois rF+ Dex+3}
 39009 | Depths:4 | Entered Level 4 of the Depths
 39012 | Depths:4 | Upgraded the game from 0.31-a0-1206-g41278d8d1d to
                  | 0.31-a0-1227-g0136665373
 39072 | Depths:4 | Found a gate to the Realm of Zot.
 39169 | Depths:4 | Reached skill level 5 in Summonings
 39257 | Depths:4 | Noticed a juggernaut
 39260 | Depths:4 | Killed a juggernaut
 39345 | Depths:4 | Reached XP level 25. HP: 210/210 MP: 38/38
 39612 | Crypt:1  | Entered Level 1 of the Crypt
 39898 | Hell     | Entered the Vestibule of Hell
 39898 | Hell     | Noticed Geryon
 39927 | Hell     | Killed Geryon
 40085 | Hell     | Found a gateway to the decaying netherworld of Tartarus.
 40177 | Hell     | Reached skill level 5 in Evocations
 40248 | Hell     | Found a gateway to the ashen valley of Gehenna.
 40337 | Hell     | Found a gateway to the Iron City of Dis.
 40408 | Hell     | Paralysed by a wendigo for 1 turns
 40412 | Hell     | Found a gateway to the freezing wastes of Cocytus.
 40614 | Tar:1    | Entered Level 1 of Tartarus
 40723 | Geh:1    | Entered Level 1 of Gehenna
 40727 | Geh:1    | Reached skill level 26 in Ranged Weapons
 40846 | Coc:1    | Entered Level 1 of Cocytus
 41035 | Coc:2    | Paralysed by a wendigo for 1 turns
 41037 | Coc:2    | Paralysed by a wendigo for 1 turns
 41191 | Coc:3    | Noticed an ancient lich
 41334 | Dis:1    | Entered Level 1 of the Iron City of Dis
 41465 | Dis:1    | Learned a level 3 spell: Call Canine Familiar
 41519 | Dis:2    | Reached skill level 15 in Armour
 41585 | Dis:2    | HP: 7/172 [quicksilver elemental/bolt of dispelling energy
                  | (41)]
 41843 | Zot:1    | Entered Level 1 of the Realm of Zot
 42178 | Zot:1    | Lost mutation: You have razor-sharp toenails. [Jiyva's
                  | grace]
 42178 | Zot:1    | Lost mutation: You passively map the area around you.
                  | [Jiyva's grace]
 42178 | Zot:1    | Lost mutation: You are resistant to electric shocks.
                  | (rElec) [Jiyva's grace]
 42178 | Zot:1    | Lost mutation: Your movements are slightly less encumbered
                  | by armour. (ER -2) [Jiyva's grace]
 42178 | Zot:1    | Gained mutation: You passively map the area around you.
                  | [Jiyva's grace]
 42178 | Zot:1    | Gained mutation: You passively map a large area around you.
                  | [Jiyva's grace]
 42178 | Zot:1    | Gained mutation: You have razor-sharp toenails. [Jiyva's
                  | grace]
 42178 | Zot:1    | Gained mutation: You have claws for feet. [Jiyva's grace]
 42600 | Zot:2    | You fall into a shaft and drop 1 floor!
 42621 | Zot:3    | Found a transporter.
 42842 | Zot:3    | Noticed Grunn
 42843 | Zot:3    | Reached XP level 26. HP: 220/220 MP: 38/38
 42852 | Zot:3    | Killed Grunn
 42869 | Zot:3    | Found a transporter.
 43606 | Zot:2    | Reached skill level 27 in Ranged Weapons
 43953 | Depths:3 | Reached skill level 15 in Dodging
 43981 | Depths:3 | Noticed a juggernaut
 43987 | Depths:3 | Killed a juggernaut
 44143 | Depths:3 | Identified the +4 flail of Hiamic {venom, rF+ Dex+2}
 44143 | Depths:3 | Identified the ring "Saeluecw" {Fly rElec rPois Str+3}
 44153 | Depths:3 | Identified the ring "Kyseniybb" {Fly rF+}
 44228 | Depths:3 | Lost mutation: You have an increased reservoir of magic.
                  | (+10% MP) [potion of mutation]
 44228 | Depths:3 | Lost mutation: You passively map a large area around you.
                  | [potion of mutation]
 44228 | Depths:3 | Lost mutation: You have great hidden genetic potential.
                  | [potion of mutation]
 44229 | Depths:3 | Lost mutation: You heal very quickly. [potion of mutation]
 44229 | Depths:3 | Lost mutation: You are covered in slimy tendrils that may
                  | disarm your opponents. [potion of mutation]
 44229 | Depths:3 | Lost mutation: You have hidden genetic potential. [potion
                  | of mutation]
 44229 | Depths:3 | Gained mutation: You are somewhat resistant to further
                  | mutation. [potion of mutation]
 44230 | Depths:3 | Lost mutation: You have claws for feet. [potion of
                  | mutation]
 44230 | Depths:3 | Lost mutation: Your natural rate of healing is unusually
                  | fast. [potion of mutation]
 44230 | Depths:3 | Lost mutation: You are somewhat resistant to further
                  | mutation. [potion of mutation]
 44230 | Depths:3 | Gained mutation: You are weak. (Str -2) [potion of
                  | mutation]
 44230 | Depths:3 | Lost mutation: You are weak. (Str -2) [potion of mutation]
 44334 | Depths:3 | Gained mutation: Your spells are a little harder to cast,
                  | but a little more powerful. [Jiyva's grace]
 44334 | Depths:3 | Gained mutation: Your spells are harder to cast, but more
                  | powerful. [Jiyva's grace]
 44334 | Depths:3 | Gained mutation: Your spells are much harder to cast, but
                  | much more powerful. [Jiyva's grace]
 44334 | Depths:3 | Gained mutation: You are agile. (Dex +4, Str/Int -1)
                  | [Jiyva's grace]
 44441 | Depths:3 | Found a one-way gateway to a ziggurat.
 44581 | Coc:3    | Reached skill level 10 in Shields
 44584 | Coc:3    | Killed an ancient lich
 44996 | Coc:5    | Paralysed by a wendigo for 1 turns
 45104 | Coc:5    | Reached XP level 27. HP: 233/233 MP: 35/35
 45298 | Coc:6    | HP: 1/223 [elemental wellspring/torrent of water (37)]
 45563 | Coc:7    | Entered Level 7 of Cocytus
 45938 | Coc:7    | Reached skill level 10 in Evocations
 46051 | Coc:7    | Noticed Antaeus
 46061 | Coc:7    | Killed Antaeus
 46084 | Coc:7    | Got an icy rune of Zot
 46137 | Coc:7    | Identified the +2 leather armour of Tulips {Rampage rElec
                  | Str-2 Dex+3}
 47014 | Geh:1    | Noticed a dread lich
 47018 | Geh:1    | Killed a dread lich
 47135 | Geh:1    | Noticed a dread lich
 47136 | Geh:1    | Killed a dread lich
 47140 | Geh:1    | Noticed an ancient lich
 47144 | Geh:1    | Killed an ancient lich
 47162 | Geh:1    | Noticed a dread lich
 47165 | Geh:1    | Killed a dread lich
 47286 | Geh:2    | Lost mutation: You have razor-sharp toenails. [Jiyva's
                  | grace]
 47286 | Geh:2    | Lost mutation: Your spells are much harder to cast, but
                  | much more powerful. [Jiyva's grace]
 47286 | Geh:2    | Lost mutation: Your melee attacks may engulf your foes in
                  | ooze. [Jiyva's grace]
 47286 | Geh:2    | Lost mutation: You have sharp toenails. [Jiyva's grace]
 47286 | Geh:2    | Gained mutation: You have large cloven feet. [Jiyva's
                  | grace]
 47286 | Geh:2    | Gained mutation: You have hoof-like feet. [Jiyva's grace]
 47286 | Geh:2    | Gained mutation: You have hooves in place of feet. [Jiyva's
                  | grace]
 47286 | Geh:2    | Gained mutation: You have a pair of small antennae on your
                  | head. [Jiyva's grace]
 48532 | Geh:7    | Entered Level 7 of Gehenna
 48676 | Geh:7    | Noticed the Serpent of Hell
 48681 | Geh:7    | HP: 10/232 [??? (7)]
 49106 | Geh:7    | Killed the Serpent of Hell
 49683 | Geh:7    | Identified the +6 flail of Courage {freeze, rPois rN+
                  | Will++ Dex-5}
 49683 | Geh:7    | Identified the amulet of Trepidation {rPois Regen+}
 49788 | Geh:7    | Got Saozeyh's Enchiridion on Shaping and Location
 49789 | Geh:7    | Identified the +1 scale mail of Toecar {rC+ rN+ Str-3}
 49799 | Geh:7    | Learned a level 4 spell: Dimensional Bullseye
 49822 | Geh:7    | Found the +13 sceptre of Asmodeus
 49822 | Geh:7    | Noticed Asmodeus
 49848 | Geh:7    | Killed Asmodeus
 49950 | Geh:7    | Got an obsidian rune of Zot
 50187 | Dis:3    | Reached skill level 1 in Hexes
 50230 | Dis:3    | Killed from afar by a Hell Sentinel

Illustrated notes

Levels and vault maps discovered:
D:1:      dpeg_arrival_ternary, layout_loops_corners,
          dreamdust_ecumenical_altar_hidden_monk_grotto
D:2:      layout_basic
D:3:      minmay_door_path, layout_loops_ring, gup_sewer_entry_bowl,
          minmay_cupped, uniq_sigmund
D:4:      layout_basic, minmay_misc_feat_more_columns, uniq_pikel, uniq_natasha
D:5:      layout_loops_corners, gammafunk_temple_overflow_pools,
          ebering_ghost_disaster_area, st_stairs_3, kennysheep_generic_room_13
D:6:      layout_gridville, mainiacjoe_overflow_alcove_2,
          nicolae_uskayaw_dance_hall
D:7:      layout_loops_ring, minmay_temple_entry_nine_rooms, kb_rosetta
D:8:      layout_basic, enter_bailey_8
D:9:      minmay_chopped_fan, layout_gridville, vehumet_altar_wand_db,
          serial_shops, shop
D:10:     layout_cave_pods, lair_entry_dummy, uniq_psyche
D:11:     layout_long_grid
D:12:     minmay_spotlight, layout_loops_ring, erik_orc_3
D:13:     layout_grid_maze, grunt_vaults_entry_fortified, serial_shops, shop,
          xom_confusion_cloud
D:14:     layout_irregular_city, serial_rivers, chequers_serial_rivers_large_a,
          chequers_serial_rivers_micro_d, chequers_serial_rivers_micro_b,
          chequers_serial_rivers_large_b, nrook_campfire, gauntlet_entry_generic
D:15:     gammafunk_enter_depths_forms, layout_rooms, serial_bayou_pond_b,
          portal_ice_cave_entry_pillars_2
Temple:   sentei_temple_godly_chess
Lair:1:   gammafunk_boulding_lane, layout_gridlike, grunt_megastairs_5
Lair:2:   layout_cellular_growth, nicolae_lair_grazing_beasts
          [nicolae_sub_lair_graze_edge, nicolae_sub_lair_graze_edge,
          nicolae_sub_lair_graze_edge, nicolae_sub_lair_graze_edge],
          grunt_megastairs_2, uniq_sonja
Lair:3:   layout_gridlike, nicolae_shoals_entry_roost,
          nicolae_spider_entry_tight_spaces, uniq_nergalle
Lair:4:   layout_gridlike, minmay_slime_entry_pillars,
          gammafunk_ghost_hydra_chop
Lair:5:   grunt_lair_end_beastmaster, layout_small_grid
Shoals:1: layout_shoals, nicolae_shoals_spectral_cove
Shoals:2: layout_shoals, uniq_ilsuiw
Shoals:3: cheibrodos_shoals_satyrical_garden, layout_shoals,
          nicolae_shoals_kraken_party, uniq_roxanne
Shoals:4: shoals_end_simple, layout_shoals, shoal_ilsuiw
Spider:1: layout_spider_delve, drop_trap
Spider:2: layout_spider_delve, hangedman_stitches_earthworm, uniq_jorgrun
Spider:3: nicolae_spider_obnoxious_hallway, spiders_nest_ghost_moth_duel,
          uniq_donald
Spider:4: hellmonk_spider_rune_bug_friends
Slime:1:  layout_caves
Slime:2:  layout_caves
Slime:3:  layout_caves
Slime:4:  layout_caves, uniq_dissolution
Slime:5:  slime_pit_nicolae_inversion
Orc:1:    layout_caves, biasface_ghost_orc_armoury, serial_shops, shop, shop,
          uniq_maurice
Orc:2:    st_orc_town, layout_caves
Elf:1:    eino_elf_arrival_sip, layout_loops_corners, minmay_elf_sorcery,
          grunt_megastairs_1
Elf:2:    nicolae_elf_blades_crystal_corner, layout_loops_cross, billiards_dpeg
Elf:3:    grunt_elf_hall_branching, layout_geoelf_diagonals, serial_shops,
          nicolae_shop_hallway_plus
Vaults:1: vaults_room_large_hall, serial_ice_b, grunt_vaults_twisty,
          nicolae_vaults_security_offices_6,
          vaults_room_grunt_arrival_checkpoint, nicolae_vaults_weapon_check,
          nicolae_vaults_storage_closets_1, hangedman_vaults_trim,
          nicolae_vaults_network_quincunx
          [nicolae_vaults_network_quincunx_subvault,
          nicolae_vaults_network_quincunx_subvault,
          nicolae_vaults_network_quincunx_subvault,
          nicolae_vaults_network_quincunx_subvault,
          nicolae_vaults_network_quincunx_subvault],
          ontoclasm_vaults_loading_screen, layout_vaults_omnigrid,
          enter_trove_6, serial_shops, nicolae_shop_statue_plus, uniq_norris
Vaults:2: ontoclasm_vaults_pinch, vaults_standard_mumra_x,
          nicolae_vaults_network_barrier, nicolae_vaults_storage_closets_2,
          nicolae_vaults_tetromino_L_2, hangedman_vaults_cutoff,
          ontoclasm_vaults_spin, v_misc_8, minmay_crypt_entry_simple_round,
          nicolae_vaults_heart-shaped_vault, nicolae_vaults_tetromino_T_1,
          nicolae_vaults_specimen_jars, ontoclasm_vaults_loading_screen,
          nicolae_vaults_tetromino_L_2, nicolae_vaults_diamond_2,
          vaults_room_hallway, layout_vaults_omnibox
Vaults:3: mu_enter_wizlab_6, nicolae_vaults_trapezoid_1, vaults_room_semicircle,
          dpeg_vaults_monster_box, vaults_standard_mumra_lines,
          hangedman_vaults_unwind, nicolae_vaults_diamond_1,
          nicolae_vaults_network_star, nicolae_vaults_three_branches,
          nicolae_vaults_door_testing_chamber,
          nicolae_vaults_storing_the_good_stuff, vaults_dpeg_cross,
          nicolae_vaults_swerve, vaults_dpeg_ring, ontoclasm_vaults_idyll,
          vaults_room_door_ring, layout_vaults_omnicross
Vaults:4: vaults_mumra_chevron, vaults_mumra_lcd,
          nicolae_vaults_cornered_office, vaults_mumra_hexcomb,
          hangedman_vaults_impose, nicolae_vaults_closet_pinwheel_5,
          grunt_vaults_hallway_short, nicolae_vaults_closet_pinwheel_2,
          v_misc_1, nicolae_vaults_trapezoid_2, vaults_room_grid,
          layout_vaults_big_room, serial_shops, shop
Vaults:5
Crypt:1:  layout_misc_corridors, grunt_crypt_arrival_split, uniq_vv
Depths:1: layout_gridlike, hell_entry, minmay_room_of_horrors,
          chequers_serial_rivers_small_b, hangedman_summoners_spam
Depths:2: lemuel_traditional_vault, layout_cave_shapes, hangedman_geh_valley,
          ebering_ghost_inner_flame, grunt_pan_entry_zigzag, zin_treasury,
          infiniplex_staircase_x
Depths:3: minmay_the_grid_ultimate [minmay_the_grid_prize_diamond_cup,
          minmay_the_grid_prize_four_corners_diamond_a,
          minmay_the_grid_prize_four_corners,
          minmay_the_grid_prize_inner_circle,
          minmay_the_grid_square_5x5_spiral_small,
          minmay_the_grid_square_5x5_meh, minmay_the_grid_square_5x5_corner,
          minmay_the_grid_square_5x5_eight_small,
          minmay_the_grid_square_5x5_trominoes,
          minmay_the_grid_square_5x5_two_walls_b,
          minmay_the_grid_square_5x5_n_small,
          minmay_the_grid_square_5x5_pentomino_r,
          minmay_the_grid_square_5x5_sharp_hourglass,
          minmay_the_grid_square_5x5_percent, minmay_the_grid_square_5x5_z,
          minmay_the_grid_square_5x5_three_walls,
          minmay_the_grid_square_5x5_shuriken,
          minmay_the_grid_square_5x5_shrine1, minmay_the_grid_square_5x5_six,
          minmay_the_grid_triangle_9x9_semitri,
          minmay_the_grid_triangle_9x9_odd_lines,
          minmay_the_grid_triangle_9x9_corrupted_corridor,
          minmay_the_grid_triangle_9x9_pentomino_pain,
          minmay_the_grid_triangle_9x9_thin_v,
          minmay_the_grid_triangle_9x9_stretched_checkered,
          minmay_the_grid_triangle_9x9_sparse_checkered,
          minmay_the_grid_triangle_9x9_impossible_snake,
          minmay_the_grid_triangle_9x9_windchime,
          minmay_the_grid_triangle_9x9_empty,
          minmay_the_grid_triangle_9x9_from_above,
          minmay_the_grid_triangle_9x9_minimal,
          minmay_the_grid_triangle_9x9_swiss_cheese,
          minmay_the_grid_triangle_9x9_zippers_vertical,
          minmay_the_grid_triangle_9x9_descending_squares,
          minmay_the_grid_triangle_9x9_steps,
          minmay_the_grid_square_5x5_intrusive_squares,
          minmay_the_grid_octo_toaster, minmay_the_grid_octo_77,
          minmay_the_grid_octo_checkered, minmay_the_grid_octo_tetromino_candy,
          minmay_the_grid_octo_clover, minmay_the_grid_octo_empty,
          minmay_the_grid_octo_odd_swirl, minmay_the_grid_octo_pinwheel,
          minmay_the_grid_dragon_a, minmay_the_grid_plusring,
          minmay_the_grid_gridbox, minmay_the_grid_airy], serial_shops,
          abyss_entry, hell_entry, uniq_mara
Depths:4: grunt_x_marks_the_spot, layout_cave_shapes, special_room
          [special_room_mythical_zoo], serial_bayou_shore_b, hell_entry,
          item_on_display_a
Hell
Dis:1:    layout_subdivisions
Dis:2:    nicolae_dis_circle_tower, layout_jigsaw
Dis:3:    layout_overlapping_boxes
Geh:1:    nicolae_geh_lava_swirls, layout_gehenna_lava_caves,
          nicolae_hells_leichenhalle
Geh:2:    layout_gehenna_pools_basic
Geh:3:    layout_gehenna_pools_basic
Geh:4:    layout_gehenna_lava_caves
Geh:5:    layout_gehenna_lava_caves
Geh:6:    layout_gehenna_lava_caves
Geh:7:    geh_old
Coc:1:    layout_cocytus_delve
Coc:2:    layout_ice_bergs
Coc:3:    layout_cocytus_water_paths
Coc:4:    layout_ice_bergs
Coc:5:    nicolae_coc_three_mouths, layout_cocytus_water_paths
Coc:6:    layout_cocytus_water_paths
Coc:7:    coc_old
Tar:1:    layout_cathedral_of_symmetry, nicolae_tar_grid_combs
Zot:1:    kennysheep_spiral_hall, layout_cellular_growth
Zot:2:    layout_cellular_growth
Zot:3:    gammafunk_dig_for_victory, layout_basic,
          regret_index_zotdec_stipple_waver, uniq_grunn

Skill      XL: |  1  2  3  4  5  6  7  8  9 10 11 12 13 14 15 16 17 18 19 20 21 22 23 24 25 26 27 |
---------------+----------------------------------------------------------------------------------+-----
Axes           | 2 3 4 5 7 8 10 12 13 14 | 14.3
Armour         | 3 4 5 6 7 8 9 10 11 12 13 14 15 16 18 | 18.5
Dodging        | 1 2 3 4 5 6 7 9 10 11 12 13 14 16 18 | 18.1
Stealth        | 1 2 3 4 5 |  5.3
Spellcasting   | 1 2 3 5 6 7 8 |  8.3
Shields        | 3 4 5 6 7 8 9 10 12 | 12.5
Fighting       | 4 5 6 8 9 10 11 12 13 14 15 16 17 18 19 20 22 25 | 25.9
Evocations     | 1 3 4 6 9 11 | 11.7
Ranged Weapons | 5 9 10 13 15 17 19 21 22 23 24 25 26 27 | 27.0
Earth Magic    | 1 3 5 6 7 8 |  8.2
Summonings     | 5 6 |  6.1
Transmutations | 3 4 |  4.0
Hexes          | 1 |  1.0
Translocations | |  0.7

Action                     |  1- 3 |  4- 6 |  7- 9 | 10-12 | 13-15 | 16-18 | 19-21 | 22-24 | 25-27 || total
---------------------------+-------+-------+-------+-------+-------+-------+-------+-------+-------++-------
  Melee: War axe           |    76 |    90 |   137 |   400 |    51 |       |       |       |       ||   754
   Fire: Heavy crossbow    |       |       |       |       |   193 |   634 |   663 |   684 |  1083 ||  3257
   Cast: Lee's Rapid Decon |       |       |       |       |       |       |       |     6 |     6 ||    12
         Call Canine Famil |       |       |       |       |       |       |       |       |     1 ||     1
 Invoke: Oozemancy         |       |       |       |       |       |     1 |     5 |     9 |    18 ||    33
         Slimify           |       |       |       |       |       |       |       |       |     1 ||     1
Ability: Word of Chaos     |       |       |       |       |       |       |     3 |     2 |    13 ||    18
  Evoke: Wand              |       |       |    10 |    11 |     6 |       |       |     1 |     3 ||    31
         Tin of tremorston |       |       |       |       |       |       |     2 |       |     3 ||     5
         Box of beasts     |       |       |       |       |       |       |     1 |     1 |     5 ||     7
         Horn of Geryon    |       |       |       |       |       |       |       |       |     4 ||     4
         Phial of floods   |       |       |       |       |       |       |       |       |     2 ||     2
         Phantom mirror    |       |       |       |       |       |       |       |       |     1 ||     1
    Use: Scroll            |     1 |     2 |     9 |     6 |     5 |     5 |     2 |     4 |     8 ||    42
         Potion            |     1 |       |     3 |       |     1 |     2 |     4 |     6 |    17 ||    34
   Stab: Sleeping          |       |       |     3 |     4 |       |       |       |       |       ||     7
 Armour: Scale mail        |    46 |       |       |       |       |       |       |       |       ||    46
         Ring mail         |    15 |    49 |    78 |   370 |   243 |   585 |   499 |   127 |   234 ||  2200
         Chain mail        |       |       |       |       |       |       |       |       |   498 ||   498
  Dodge: Dodged            |    47 |    31 |    42 |   223 |   160 |   525 |   553 |   199 |   789 ||  2569
  Block: Buckler           |    10 |    27 |    31 |   149 |    11 |       |       |       |       ||   228
         Other             |       |       |       |       |       |    51 |   103 |    28 |   112 ||   294
         Reflection        |       |       |       |       |       |     8 |    15 |     7 |     1 ||    31

Table legend: (Time is in decaauts)
 A = Elapsed time spent in this place.
 B = Non-inter-level travel time spent in this place.
 C = Inter-level travel time spent in this place.
 D = Time resting spent in this place.
 E = Time spent auto-exploring this place.
 F = Levels seen in this place.
 G = Mean time per level.
                   A        B        C        D        E       F      G
               +--------+--------+--------+--------+--------+-----+--------+
         Total |  54478 |  48456 |   6022 |      0 |  34574 |  77 |  707.5 |
       Dungeon |  14064 |  11555 |   2509 |      0 |   9140 |  15 |  937.6 |
        Temple |      3 |      3 |      0 |      0 |      0 |   1 |    3.0 |
          Lair |   5017 |   4559 |    458 |      0 |   3353 |   5 | 1003.4 |
        Shoals |   3361 |   3159 |    202 |      0 |   2144 |   4 |  840.2 |
   Spider Nest |   3270 |   3144 |    126 |      0 |   1976 |   4 |  817.5 |
    Slime Pits |   1133 |   1023 |    110 |      0 |    949 |   5 |  226.6 |
  Orcish Mines |   1006 |    923 |     83 |      0 |    589 |   2 |  503.0 |
   Elven Halls |   2702 |   2493 |    209 |      0 |   1705 |   3 |  900.7 |
        Vaults |   6479 |   5867 |    612 |      0 |   4155 |   5 | 1295.8 |
         Crypt |     60 |     60 |      0 |      0 |     20 |   1 |   60.0 |
        Depths |   4948 |   4446 |    502 |      0 |   3160 |   4 | 1237.0 |
          Hell |   1429 |   1173 |    256 |      0 |    825 |   1 | 1429.0 |
           Dis |    577 |    496 |     81 |      0 |    294 |   3 |  192.3 |
       Gehenna |   3287 |   2841 |    446 |      0 |   1985 |   7 |  469.6 |
       Cocytus |   2870 |   2617 |    253 |      0 |   1730 |   7 |  410.0 |
      Tartarus |     24 |     24 |      0 |      0 |      0 |   1 |   24.0 |
           Zot |   2229 |   2059 |    170 |      0 |   1561 |   3 |  743.0 |
         Trove |     45 |     45 |      0 |      0 |      0 |   1 |   45.0 |
         Sewer |    477 |    477 |      0 |      0 |    255 |   1 |  477.0 |
        Bailey |    294 |    294 |      0 |      0 |    120 |   1 |  294.0 |
      Ice Cave |    318 |    318 |      0 |      0 |    214 |   1 |  318.0 |
        Wizlab |    466 |    466 |      0 |      0 |    206 |   1 |  466.0 |
      Gauntlet |    407 |    407 |      0 |      0 |    190 |   1 |  407.0 |
               +--------+--------+--------+--------+--------+-----+--------+

Top non-repeatable levels by time:
Depths:3: 1738 daAuts
    D:13: 1517 daAuts
Vaults:5: 1495 daAuts
    Hell: 1429 daAuts
Depths:2: 1358 daAuts
   Geh:7: 1337 daAuts
Vaults:4: 1333 daAuts
Depths:1: 1325 daAuts
   Coc:7: 1316 daAuts
     D:8: 1237 daAuts
Vaults:2: 1230 daAuts
Vaults:3: 1214 daAuts
Vaults:1: 1204 daAuts
     D:4: 1161 daAuts
  Lair:5: 1122 daAuts
